 Dungeon Crawl Stone Soup version 0.30-b1-2-g02819fbbbe (webtiles) character file.

Game seed: 7367039090043138815

51 sanka the Ducker (level 3, 0/28 HPs)
             Began as a Merfolk Hexslinger on May 9, 2023.
             Slain by a hobgoblin (6 damage)
             ... led by Robin
             ... on level 2 of the Dungeon.
             The game lasted 00:01:38 (1118 turns).

sanka the Ducker (Merfolk Hexslinger)               Turns: 1118, Time: 00:01:38

Health: 0/28       AC:  6    Str: 10    XL:     3   Next: 81%
Magic:  4/4        EV: 15    Int: 12    God:
Gold:   115        SH:  0    Dex: 22    Spells: 3/4 levels left

rFire   . . .        i - +4 dagger
rCold   . . .        (no shield)
rNeg    . . .        k - +2 robe of the Stars {Dex+6}
rPois   .            (no helmet)
rElec   .            h - +0 cloak
rCorr   .            e - +0 pair of gloves
SInv    .            (no boots)
Will    .....        (no amulet)
Stlth   ++           d - ring of flight
HPRegen 0.24/turn    (no ring)
MPRegen 0.09/turn

%: no passive effects
@: flying
A: (nimble swimmer 2), mertail
a: no special abilities


You were on level 2 of the Dungeon.
You visited 1 branch of the dungeon, and saw 2 of its levels.

You collected 115 gold pieces.

Inventory:

Hand Weapons
 a - a +1 sling
 i - a +4 dagger (weapon)
Armour
 c - a +0 robe
 e - a +0 pair of gloves (worn)
 h - a +0 cloak (worn)
 k - the +2 robe of the Stars (worn) {Dex+6}
   (You took it off a kobold on level 2 of the Dungeon)

   Dex:       It affects your dexterity (+6).
Jewellery
 d - a ring of flight (left hand)
Scrolls
 b - 2 scrolls of poison {!r}
 f - a scroll of enchant weapon {unknown}
Potions
 g - a potion of lignification {unknown}
 j - 2 potions of curing {unknown}


   Skills:
 + Level 2.8 Fighting
 - Level 1.5 Ranged Weapons
 + Level 4.2 Dodging
 - Level 1.0 Spellcasting
 - Level 3.0 Hexes


You had 3 spell levels left.
You knew the following spells:

 Your Spells              Type           Power      Damage    Failure   Level
a - Slow                  Hex            28%        N/A       9%          1

Your spell library contained the following spells:

 Spells                   Type           Power      Damage    Failure   Level
 Blink                    Tloc           0%         N/A       41%         2
 Lesser Beckoning         Tloc           0%         N/A       41%         2
 Momentum Strike          Conj/Tloc      0%         3d8       41%         2
 Inner Flame              Hex/Fire       4%         N/A       43%         3
 Portal Projectile        Hex/Tloc       8%         N/A       43%         3
 Cause Fear               Hex            3%         N/A       65%         4
 Petrify                  Tmut/Erth      0%         N/A       96%         4
 Metabolic Englaciation   Hex/Ice        2%         N/A       99%         5
 Statue Form              Tmut/Erth      0%         N/A       100%        6


Dungeon Overview and Level Annotations

Branches:
Dungeon (2/15)

Altars:

Shops:
D:1 [

Annotations:
D:2 Robin


Innate Abilities, Weirdness & Mutations

((You are very nimble when in or above water. (Stealth+, EV+, Speed+++)))
Your lower body shifts to a powerful aquatic tail in water.


Message History

You hit the hobgoblin.
The hobgoblin is almost dead.
The hobgoblin hits you.
You hit the hobgoblin.
You kill the hobgoblin!
You hit the hobgoblin but do no damage.
The goblin no longer looks unusually strong.
The hobgoblin hits you. Robin throws the goblin at you!
You puncture the goblin!
You kill the goblin!
Robin closely misses you. The hobgoblin misses you.
You hit the hobgoblin.
The hobgoblin is moderately wounded.
Robin says, "My army is invincible!"
Robin hits you from afar with a +0 spear.
The hobgoblin hits you but does no damage.
You are too injured to fight recklessly!
You are too injured to fight recklessly!
You are too injured to fight recklessly!
You are too injured to fight recklessly!
Robin roars a battlecry!
Items here: $ ))))) ††.
Robin throws the goblin at you! The goblin closely misses you.
You see here a +0 dagger.
The hobgoblin attacks as you move away! The hobgoblin hits you.
The hobgoblin no longer looks unusually strong.
The goblin closely misses you.
The hobgoblin no longer looks unusually strong.
Robin roars a battlecry!
The hobgoblins go into a battle-frenzy!
The goblin hits you with a +0 dagger.
You closely miss the hobgoblin.
The goblin no longer looks unusually strong.
Robin's bangles clink loudly.
The hobgoblin misses you. The hobgoblin attacks as you move away!
The hobgoblin hits you.
* * * LOW HITPOINT WARNING * * *
Robin says, "Kneel, worm!"
The hobgoblin attacks as you move away! The hobgoblin hits you.
You die...

##...###.#######.)...#
#...........#.....##.#
##...######.#.###.##...
##.##.## # #.###..
#....#.## #.# ..
#...###.# #.# ..
#....#.## ..# ..
#####†## ### #@# #g#
#g## #..# ##g# #g# #g#
#(# #.#


You could see Robin, 3 hobgoblins and a goblin.

Vanquished Creatures
  An adder (D:2)
  A dart slug (D:2)
  3 endoplasms (D:1)
  2 giant cockroaches
  9 goblins
  6 hobgoblins
  4 kobolds
  2 quokkas (D:1)
  A ball python (D:1)
  A bat (D:1)
  3 frilled lizards
  3 rats
36 creatures vanquished.

Notes
Turn   | Place    | Note
-------+----------+-------------------------------------------
     0 | D:1      | sanka the Merfolk Hexslinger began the quest for the Orb.
     0 | D:1      | Reached XP level 1. HP: 15/15 MP: 2/2
    95 | D:1      | Reached skill level 3 in Dodging
   292 | D:1      | Reached XP level 2. HP: 22/22 MP: 3/3
   768 | D:1      | Found Upiuqas's Antique Armour Emporium.
   865 | D:2      | Reached XP level 3. HP: 24/27 MP: 4/4
   906 | D:2      | Reached skill level 4 in Dodging
  1028 | D:2      | Identified the +2 robe of the Stars {Dex+6}
  1094 | D:2      | Noticed Robin
  1118 | D:2      | Slain by a hobgoblin

Illustrated notes

Levels and vault maps discovered:
D:1:      spicycebolla_green_bress_n_ham_2, layout_basic, serial_shops,
          nicolae_shop_back_alley_shop, minmay_split_cup_small
D:2:      layout_loops_cross, minmay_tree_intersection, chequers_mini_garden,
          uniq_robin

Skill      XL: |  1  2  3 |
---------------+----------+-----
Dodging        | 3 4 |  4.2
Fighting       | 2 |  2.8
Ranged Weapons | |  1.5
Spellcasting   | |  1.0
Hexes          | |  3.0

Action                     || total
---------------------------++-------
  Melee: Dagger            ||    51
   Fire: Sling             ||    49
 Armour: Robe              ||    10
  Dodge: Dodged            ||    52
